AoeStats
← JAGR | Ojimenezg87

Arena

508791800Analyzed
1v1 RM · 10d ago on Sep 24, 2026· 72m 50s· 2 players
Game mode
Random Map
Map size
Tiny (2 player)
Population
200
Speed
Normal
Resources
Standard
Victory
Conquest
Starting age
Dark Age
Ending age
Imperial Age
RankedLock teamsTeams togetherTeam positionsShared explorationLock speedFull tech treeHidden civsTurbo modeCheats
Victory
Defeat
🇵🇪 Britons · Peru
870
+17
🇨🇴 Byzantines · Colombia
896
-17
[BravoDOS]10192
10:59 Feudal Age
14:14 Loom
17:05 Castle Age
19:41 Fletching
19:52 Padded Archer Armor
21:04 Husbandry
21:18 Forging
21:06 Bodkin Arrow
22:04 Fervor
22:23 Leather Archer Armor
26:24 Herbal Medicine
32:34 Imperial Age
31:54 Wheelbarrow
31:05 Town Watch
32:53 Fortified Wall
33:04 Ballistics
33:42 Double-Bit Axe
34:59 Chemistry
34:12 Warwolf
34:37 Conscription
35:31 Yeomen
37:26 Gold Mining
39:30 Hoardings
43:39 Bracer
43:27 Elite Longbowman
46:25 Siege Engineers
48:16 Ring Archer Armor
49:38 Hand Cart
51:29 Scale Barding Armor
51:36 Forging
52:18 Squires
52:03 Gambesons
51:39 Pikeman
54:18 Chain Barding Armor
55:11 Chemistry
54:02 Halberdier
55:28 Scale Mail Armor
56:05 Iron Casting
57:31 Man-at-Arms
60:44 Long Swordsman
63:09 Bow Saw
63:11 Light Cavalry
66:58 Two-Handed Swordsman
68:50 Champion
JAGR | Ojimenezg87
10:53 Feudal Age
16:03 Castle Age
14:38 Horse Collar
19:09 Double-Bit Axe
19:58 Pikeman
24:54 Loom
26:00 Wheelbarrow
25:53 Heavy Plow
25:43 Elite Skirmisher
31:34 Imperial Age
31:39 Ballistics
31:20 Murder Holes
33:40 Chemistry
35:06 Fletching
40:01 Husbandry
41:07 Hoardings
42:21 Light Cavalry
43:14 Bodkin Arrow
43:30 Forging
43:21 Padded Archer Armor
44:11 Hand Cart
44:09 Thumb Ring
44:25 Guilds
45:00 Hussar
55:15 Bracer
55:31 Leather Archer Armor
55:52 Iron Casting
55:24 Scale Barding Armor
56:12 Treadmill Crane
56:59 Bombard Tower
59:47 Guard Tower
62:34 Keep
Connection lost

Rejoining the realm…

Still unreachable

The connection could not be restored.

Session expired

The server has moved on; the page needs a fresh start.